 Dungeon Crawl Stone Soup version 0.30-a0-121-gb27577e5d9 (webtiles) character file.

Game seed: 17932315493718799678

3941 Iusername the Carver (level 10, -11/91 HPs)
             Began as a Minotaur Fighter on Sept 13, 2022.
             Was a Priest of Ashenzari.
             Mangled by a two-headed ogre
             ... wielding a +0 giant spiked club
              (15 damage)
             ... on level 8 of the Dungeon on Sept 14, 2022.
             The game lasted 00:20:07 (10186 turns).

Iusername the Carver (Minotaur Fighter)            Turns: 10186, Time: 00:20:10

Health: -11/91     AC: 17    Str: 23    XL:     10   Next: 1%
Magic:  9/9        EV: 16    Int:  5    God:    Ashenzari [***...]
Gold:   367        SH:  7    Dex: 12    Spells: 9/9 levels left

rFire   . . .      SeeInvis +    e - +0 scimitar of the Gnostic Loss {protect, Elem, Bglg} (curse)
rCold   . . .      Faith    .    c - +1 buckler of Ashenzari's Urgency {Self, Alch} (curse)
rNeg    . . .      Spirit   .    b - +0 scale mail of Supernal Wisdom {Cun, Range} (curse)
rPois   .          Reflect  .    (helmet restricted)
rElec   .          Harm     .    f - +0 cloak of the Visionary Heavens {Melee, Fort} (curse)
rCorr   .          Rampage  .    (no gloves)
Will    .....      Clarity  +    (no boots)
Stlth   +.........               s - amulet of the Distant Augur {Acrobat, Alch, Elem} (curse)
HPRegen 0.25/turn                v - +4 ring of evasion
MPRegen 0.11/turn                (no ring)

@: under a protective aura, flying, hasted, very quick
A: horns 2, retaliatory headbutt, claws 1, berserk 1
a: Renounce Religion, Curse Item, Shatter the Chains


You were on level 8 of the Dungeon.
You worshipped Ashenzari.
Ashenzari was most pleased with you.
You visited 1 branch of the dungeon, and saw 8 of its levels.
You also visited: Bailey.

You collected 367 gold pieces.

Inventory:

Hand Weapons
 e - the cursed +0 scimitar of the Gnostic Loss (weapon) {protect, Elem, Bglg}
   (You found it on level 3 of the Dungeon)

   It grants its wielder temporary protection when it strikes (+7 to AC).
   It has a curse which improves the following skills: Elements: Fire Magic, Ice
   Magic, Air Magic and Earth Magic.
   Beguiling: Conjurations, Hexes and Translocations.
Missiles
 p - 28 boomerangs
Armour
 b - the cursed +0 scale mail of Supernal Wisdom (worn) {Cun, Range}

   It has a curse which improves the following skills: Cunning: Dodging and
   Stealth.
   Ranged Combat: Ranged Weapons and Throwing.
 c - the cursed +1 buckler of Ashenzari's Urgency (worn) {Self, Alch}

   It has a curse which improves the following skills: Introspection: Fighting
   and Spellcasting.
   Alchemy:   Poison Magic and Transmutations.
 f - the cursed +0 cloak of the Visionary Heavens (worn) {Melee, Fort}
   (You found it on level 3 of the Dungeon)

   It has a curse which improves the following skills: Melee Combat: Short
   Blades, Long Blades, Axes, Maces & Flails, Polearms, Staves and Unarmed
   Combat.
   Fortitude: Armour and Shields.
Jewellery
 s - the cursed amulet of the Distant Augur (around neck) {Acrobat, Alch, Elem}
   (You found it on level 7 of the Dungeon)

   [amulet of the acrobat]

   It increases your evasion while moving and waiting.
   It has a curse which improves the following skills: Alchemy: Poison Magic and
   Transmutations.
   Elements:  Fire Magic, Ice Magic, Air Magic and Earth Magic.
 v - a +4 ring of evasion (left claw)
Wands
 d - a wand of mindburst (1) (quivered)
 j - a wand of light (11)
 n - a wand of iceblast (10)
Scrolls
 g - 3 scrolls of butterflies
 i - 5 scrolls of amnesia
 o - 4 scrolls of teleportation
 q - a scroll of silence
 r - a scroll of enchant weapon
 t - 2 scrolls of magic mapping
 w - 3 scrolls of enchant armour
Potions
 a - 3 potions of brilliance
 h - a potion of flight
 l - 3 potions of curing
 m - 5 potions of degeneration
 u - a potion of cancellation


   Skills:
 + Level 7.4(9.1) Fighting
 + Level 11.1(12.7) Long Blades
 + Level 1.2(2.2) Throwing
 + Level 8.3(9.9) Armour
 + Level 4.5(6.0) Dodging
 + Level 1.6(2.8) Stealth
 + Level 7.5(9.1) Shields
 + Level 0.7 Evocations


You had 9 spell levels left.
You didn't know any spells.
Your spell library contained the following spells:

 Spells                   Type           Power      Damage    Failure   Level
 Sandblast                Erth           0%         2d4       77%         1
 Necrotise                Necr           0%         1d4       82%         1
 Passwall                 Tmut/Erth      0%         N/A       88%         2
 Wereblood                Tmut           0%         N/A       88%         2
 Static Discharge         Conj/Air       0%         3-3/arc   89%         2
 Sublimation of Blood     Necr           0%         N/A       91%         2
 Stone Arrow              Conj/Erth      0%         3d7       98%         3
 Vampiric Draining        Necr           0%         2d6       99%         3
 Olgreb's Toxic Radiance  Pois           0%         N/A       100%        4
 Agony                    Necr           0%         N/A       100%        5
 Arcjolt                  Conj/Air       0%         1d10      100%        5
 Lightning Bolt           Conj/Air       0%         1d11      100%        5
 Ozocubu's Refrigeration  Ice            0%         4d7       100%        7
 Summon Hydra             Summ           0%         N/A       100%        7
 Ignition                 Fire           0%         3d3       100%        8
 Maxwell's Capacitive Co  Air            0%         ∞         100%        8


Dungeon Overview and Level Annotations

Branches:
Dungeon (8/15)             Temple (0/1) D:7          Bailey (visited)
   Lair: D:8-11

Altars:
Ashenzari
Cheibriados
Fedhas
Gozag
Nemelex Xobeh
Qazlal
Trog
Uskayaw
Yredelemnul

Shops:
D:2 =   D:4 *


Innate Abilities, Weirdness & Mutations

You have a pair of horns on your head.
You reflexively headbutt those who attack you in melee.
You have sharp fingernails.
You sometimes lose your temper in combat.


Message History

The yak gores you. The yak gores you but does no damage.
The yak closely misses you.
You slash the yak!
You kill the yak!
v - a +4 ring of evasion (left claw)
You feel as though your hastened speed will last longer.
You block the yak's attack. x2
You slash the yak!
The yak is heavily wounded.
You hit the yak but do no damage. You headbutt the yak, but do no damage.
The yak is heavily wounded.
The yak closely misses you. The yak barely misses you.
You hit the yak.
The yak is heavily wounded.
You hit the yak but do no damage.
The yak is heavily wounded.
The yak closely misses you. x2; You furiously retaliate!
You headbutt the yak! You hit the yak.
The yak is almost dead.
You barely miss the yak. You headbutt the yak, but do no damage.
The yak is almost dead.
The yak gores you!
* * * LOW HITPOINT WARNING * * *
The yak gores you but does no damage.
You barely miss the yak.
The yak is almost dead.
You hit the yak.
You kill the yak!
The yak closely misses you.
You have reached level 10!
You hit the two-headed ogre.
Your headbutt misses the two-headed ogre.
The two-headed ogre is lightly wounded.
You closely miss the two-headed ogre.
You headbutt the two-headed ogre, but do no damage.
The two-headed ogre is lightly wounded.
The two-headed ogre hits you with a +0 giant spiked club!!
* * * LOW HITPOINT WARNING * * *
The two-headed ogre hits you with a +0 giant spiked club!
You die...

#..###...##.....##
#.# ##>.....
#........#)......# ,
...##......
#.###...##)......##
#.#....<.... #.#
#.#.#..)..?...#
#....#...†## ..#
#.###..)......#
#....#### ###
#.*#.......#####
##.#...## # #.
#....####...#
#....... # *
##....#..Y†..#
#####.## #
.##...##..O@†.# #.##
#####.##...#...#...##
#.##
##....#....#...#....#
#... .#....#,,,
#...##...# #..#
#.....# , #.....#...#
#..# ##....#∆
#.....#...# #..#
#.....# #..)..#...#
#..# .#....# ,
#.=.).#...# #..#
......# , , ,#...#
#..#


You could see a two-headed ogre and a yak.

Vanquished Creatures
  5 yaks (D:8)
  A steam dragon (D:8)
  2 water moccasins
  An acid dragon (D:8)
  3 orc warriors
  A sky beast (D:6)
  2 ice beasts
  An ogre (D:6)
  2 centaurs (D:6)
  A kobold brigand (D:7)
  2 phantoms
  4 bullfrogs
  A necrophage (D:7)
  2 scorpions
  5 wights (D:8)
  6 killer bees (D:8)
  2 howler monkeys
  2 vampire bats (D:4)
  3 hounds
  4 orc priests
  Crazy Yiuf (D:4)
  A gnoll bouda (D:6)
  5 iguanas
  3 orc wizards
  6 gnolls
  8 adders
  2 white imps
  25 orcs
  10 bats
  6 endoplasms
  6 giant cockroaches
  12 goblins
  11 hobgoblins
  11 jackals
  6 quokkas
  7 ball pythons
  2 frilled lizards
  A jackal zombie (D:6)
  17 kobolds
  An orc zombie (D:6)
  2 rats
193 creatures vanquished.

Notes
Turn   | Place    | Note
-------+----------+-------------------------------------------
     0 | D:1      | Iusername the Minotaur Fighter began the quest for the Orb.
     0 | D:1      | Reached XP level 1. HP: 19/19 MP: 0/0
   241 | D:1      | Reached XP level 2. HP: 19/27 MP: 1/1
   495 | D:1      | Reached skill level 3 in Long Blades
   526 | D:1      | Found a faded altar of an unknown god.
  1017 | D:2      | Reached XP level 3. HP: 33/33 MP: 2/2
  1438 | D:2      | Found Jetanop's Jewellery Shop.
  1632 | D:2      | You fall into a shaft and drop 2 floors!
  1643 | D:4      | Found a blossoming altar of Fedhas.
  1669 | D:4      | Reached XP level 4. HP: 36/40 MP: 3/3
  1675 | D:3      | Found a broken altar of Ashenzari.
  1692 | D:3      | Became a worshipper of Ashenzari the Shackled
  1849 | D:3      | Noticed a scorpion
  1860 | D:3      | Killed a scorpion
  1861 | D:3      | Reached skill level 4 in Long Blades
  1861 | D:3      | Reached skill level 1 in Dodging
  1861 | D:3      | Reached XP level 5. HP: 21/46 MP: 4/4
  3087 | D:4      | Found an opulent altar of Gozag.
  3164 | D:4      | Noticed a phantom
  3175 | D:4      | Killed a phantom
  3176 | D:4      | Reached skill level 5 in Long Blades
  3250 | D:4      | Reached skill level 5 in Armour
  3250 | D:4      | Reached XP level 6. HP: 40/55 MP: 5/5
  3335 | D:4      | Found a large runed translucent door.
  3335 | D:4      | Found a large runed translucent door.
  3481 | D:4      | Reached * piety under Ashenzari
  3581 | D:4      | Found Ufoxil's Serpentskin Sales.
  3581 | D:4      | Noticed a water moccasin
  3603 | D:4      | Killed a water moccasin
  3604 | D:4      | Reached skill level 6 in Long Blades
  4331 | D:4      | Found a bloodstained altar of Trog.
  4434 | D:4      | Found a runed translucent door.
  4435 | D:4      | Noticed Crazy Yiuf
  4444 | D:4      | Killed Crazy Yiuf
  4445 | D:4      | Reached XP level 7. HP: 61/61 MP: 6/6
  4755 | D:4      | Reached skill level 5 in Shields
  4755 | D:4      | Found a hide-covered altar of Uskayaw.
  4765 | D:4      | Found a basalt altar of Yredelemnul.
  4793 | D:5      | Entered Level 5 of the Dungeon
  5395 | D:5      | Upgraded the game from 0.30-a0-118-ga018f8e90f to
                  | 0.30-a0-121-gb27577e5d9
  5583 | D:5      | Reached ** piety under Ashenzari
  6119 | D:6      | Reached skill level 5 in Fighting
  6513 | D:6      | Found a snail-covered altar of Cheibriados.
  6552 | D:6      | Reached skill level 7 in Long Blades
  6732 | D:6      | Reached XP level 8. HP: 65/71 MP: 7/7
  6929 | D:6      | Reached skill level 8 in Long Blades
  7154 | D:6      | Gained mutation: You are weak. (Str -2) [potion of
                  | mutation]
  7154 | D:6      | Gained mutation: You have sharp fingernails. [potion of
                  | mutation]
  7154 | D:6      | Gained mutation: You passively dampen the noise of your
                  | surroundings. [potion of mutation]
  7467 | D:7      | Found a sparkling altar of Nemelex Xobeh.
  7510 | D:7      | Reached skill level 9 in Long Blades
  7517 | D:7      | Found a flagged portal.
  7543 | Bailey   | Entered a bailey
  7559 | Bailey   | Noticed an orc warlord
  7830 | D:7      | Reached XP level 9. HP: 68/80 MP: 8/8
  7843 | D:7      | Lost mutation: You passively dampen the noise of your
                  | surroundings. [potion of mutation]
  7843 | D:7      | Lost mutation: You are weak. (Str -2) [potion of mutation]
  7843 | D:7      | Gained mutation: You sometimes lose your temper in combat.
                  | [potion of mutation]
  8656 | D:7      | Reached *** piety under Ashenzari
  8658 | D:7      | Found a staircase to the Ecumenical Temple.
  8688 | D:7      | Reached skill level 1 in Stealth
  8879 | D:7      | Found a stormy altar of Qazlal.
  8968 | D:8      | Identified the +3 ring mail of the Stonemason {rPois
                  | Int+10}
  9718 | D:8      | Reached skill level 1 in Throwing
  9724 | D:8      | Reached skill level 10 in Long Blades
 10118 | D:8      | Noticed a two-headed ogre
 10164 | D:8      | Reached skill level 11 in Long Blades
 10185 | D:8      | Reached XP level 10. HP: 25/91 MP: 9/9
 10186 | D:8      | HP: 4/91 [two-headed ogre/+0 giant spiked club (21)]
 10186 | D:8      | Mangled by a two-headed ogre

Illustrated notes

Levels and vault maps discovered:
D:1:      matt_arrival_grand_opening, layout_loops_ring,
          chequers_ecumenical_altar_twisty, minmay_misc_feat_rugged
D:2:      layout_rooms, serial_rivers, chequers_serial_rivers_marsh,
          chequers_serial_rivers_micro_e, chequers_serial_rivers_small_3,
          chequers_serial_rivers_room_b, serial_shops, nicolae_shop_stone
D:3:      layout_loops_ring, mainiacjoe_overflow_small_starburst,
          nicolae_eternal_life
D:4:      layout_loops_corners, jmf_multi_god_temple2,
          mainiacjoe_overflow_catwalk_spiral, fedhas_ov_isle_minmay,
          serial_park_tiny_pond, roderic_batcave, guppyfry_shop_venom,
          uniq_crazy_yiuf_cottage
D:5:      layout_layer_cave, minmay_misc_feat_secret_circle
D:6:      layout_rooms, lemuel_tele_altar, enter_ossuary_3
D:7:      layout_cave_pools, mainiacjoe_overflow_surrounded_room,
          kennysheep_mini_moat, minmay_temple_entry_arrows, enter_bailey_5,
          minmay_strange_pillars
D:8:      kennysheep_spiral_hall, layout_loops_ring,
          chequers_serial_rivers_micro_d

Skill      XL: |  1  2  3  4  5  6  7  8  9 |
---------------+----------------------------+-----
Long Blades    | 3 4 5 6 7 9 11 | 11.1
Armour         | 4 5 6 7 8 |  8.3
Fighting       | 4 5 6 7 |  7.4
Dodging        | 1 2 3 4 |  4.5
Shields        | 4 5 6 7 |  7.5
Stealth        | 1 |  1.6
Throwing       | 1 |  1.2
Evocations     | |  0.7

Action                   |  1- 3 |  4- 6 |  7- 9 | 10-12 || total
-------------------------+-------+-------+-------+-------++-------
Melee: Long sword        |    84 |     9 |       |       ||    93
       Headbutt          |     7 |    20 |    73 |     1 ||   101
       Scimitar          |       |   116 |   390 |     2 ||   508
Throw: Boomerang         |       |     2 |     7 |       ||     9
Invok: Curse Item        |       |     2 |     3 |       ||     5
Evoke: Wand              |       |       |     5 |       ||     5
  Use: Scroll            |       |     7 |     1 |       ||     8
       Potion            |       |     2 |     9 |       ||    11
Armor: Scale mail        |    45 |    58 |   180 |       ||   283
Dodge: Dodged            |    50 |    72 |   228 |       ||   350
Block: Buckler           |    33 |    47 |   138 |       ||   218

Table legend: (Time is in decaauts)
 A = Elapsed time spent in this place.
 B = Non-inter-level travel time spent in this place.
 C = Inter-level travel time spent in this place.
 D = Time resting spent in this place.
 E = Time spent auto-exploring this place.
 F = Levels seen in this place.
 G = Mean time per level.
                   A        B        C        D        E       F      G
               +--------+--------+--------+--------+--------+-----+--------+
         Total |  10221 |  10140 |     81 |   3387 |   5247 |   9 | 1135.7 |
       Dungeon |  10080 |   9999 |     81 |   3387 |   5242 |   8 | 1260.0 |
        Bailey |    140 |    140 |      0 |      0 |      5 |   1 |  140.0 |
               +--------+--------+--------+--------+--------+-----+--------+

Top non-repeatable levels by time:
     D:4: 1859 daAuts
     D:7: 1441 daAuts
     D:3: 1339 daAuts
     D:5: 1304 daAuts
     D:6: 1274 daAuts
     D:8: 1192 daAuts
     D:1: 891 daAuts
     D:2: 776 daAuts
  Bailey: 140 daAuts
